 Dungeon Crawl Stone Soup version 0.30-a0-862-g1aabd4f9c5 (webtiles) character file.

Game seed: 15841018234661200458

272 freelancePsychic the Sneak (level 6, -8/43 (46) HPs)
             Began as a Vampire Wanderer on Mar 8, 2023.
             Was a Priest of Ru.
             Mangled by a gnoll bouda
             ... wielding a +0 club
              (11 damage)
             ... on level 3 of the Dungeon.
             The game lasted 00:09:20 (2925 turns).

freelancePsychic the Sneak (Vampire Wanderer)       Turns: 2925, Time: 00:09:20

HP:   -8/43 (46)    AC: -1    Str: 11    XL:     6   Next: 2%
MP:   7/7           EV: 10    Int: 20    God:    Ru [***...]
Gold: 285           SH:  3    Dex: 10    Spells: 7/7 levels left

rFire   . . .      SeeInvis +    a - +2 falchion (protect)
rCold   . . .      Faith    .    p - +0 buckler
rNeg    . . .      Spirit   .    h - +0 leather armour
rPois   +          Reflect  .    (no helmet)
rElec   .          Rampage  .    (no cloak)
rCorr   .                        (no gloves)
Will    +....                    (no boots)
Stlth   +++                      (no amulet)
HPRegen 0.47/turn                o - ring of willpower
MPRegen 0.10/turn                u - ring of poison resistance

@: exhausted, weakened, healing quickly, studying Long Blades, drained
A: alive, fangs 3, see invisible, inability to use devices, reduced AC 1,
vampiric 2
a: Exsanguinate, Renounce Religion, Draw Out Power


You were on level 3 of the Dungeon.
You worshipped Ru.
Ru was most pleased with you.
You visited 1 branch of the dungeon, and saw 4 of its levels.

You collected 285 gold pieces.

Inventory:

Hand Weapons
 a - a +2 falchion of protection (weapon)
 c - a +0 dagger
Missiles
 b - 8 boomerangs
 i - 2 poisoned darts (quivered)
Armour
 e - a +0 robe
 h - a +0 leather armour (worn)
 p - a +0 buckler (worn)
Jewellery
 o - a ring of willpower (left hand)
 u - a ring of poison resistance (right hand)
Scrolls
 g - a scroll of poison {unknown}
 l - 3 scrolls of identify {unknown}
 m - a scroll of acquirement {unknown}
 t - a scroll of noise {unknown}
 v - a scroll of enchant weapon {unknown}
 w - 2 scrolls of amnesia {unknown}
 x - a scroll of immolation {unknown}
 y - a scroll of fear {unknown}
Potions
 d - 2 potions of lignification
 j - a potion of heal wounds {unknown}
 k - a potion of might {unknown}
 n - 2 potions of magic {unknown}
 q - 2 potions of curing {unknown}
 r - a potion of cancellation {unknown}
 s - a potion of attraction {unknown}
 z - a potion of mutation {unknown}
 A - a potion of haste {unknown}


   Skills:
 + Level 2.4 Fighting
 + Level 5.0 Long Blades
 - Level 1.5 Throwing
 - Level 1.0 Armour
 * Level 6.6 Stealth
 - Level 1.0 Spellcasting
 - Level 2.1 Necromancy
 - Level 1.0 Invocations


You had 7 spell levels left.
You didn't know any spells.
Your spell library contained the following spells:

 Spells                   Type           Power      Damage    Failure   Level
 Necrotise                Necr           36%        1d5       13%         1
 Sublimation of Blood     Necr           9%         N/A       19%         2
 Apportation              Tloc           2%         N/A       30%         1
 Summon Small Mammal      Summ           4%         N/A       30%         1
 Cigotuvi's Dreadful Rot  Necr/Pois/Air  6%         N/A       34%         2
 Poisonous Vapours        Pois/Air       2%         N/A       43%         2
 Mephitic Cloud           Conj/Pois/Air  1%         N/A       67%         3


Dungeon Overview and Level Annotations

Branches:
Dungeon (4/15)
 Temple: D:4-7

Altars:
Ru


Innate Abilities, Weirdness & Mutations

Your natural rate of healing is accelerated.
You have razor-sharp teeth.
You have supernaturally acute eyesight. (SInv)
You cannot study or use magical devices.
You take slightly more damage. (AC -5)
You are afflicted with vampirism and can become a bat while bloodless.


Message History

You hit the gnoll.
The gnoll is moderately wounded.
The gnoll is no longer moving quickly.
The gnoll closely misses you.
You barely miss the gnoll.
The gnoll is moderately wounded.
The gnoll is no longer moving quickly.
You barely miss the gnoll bouda.
You hit the gnoll bouda but do no damage.
You bite the gnoll bouda, but do no damage.
The gnoll bouda barely misses you.
The gnoll hits you from afar with a +0 spear.
* * * LOW HITPOINT WARNING * * *
You closely miss the gnoll bouda.
The gnoll bouda barks out a call to the hunt!
The gnolls pick up the pace!
You block the gnoll's attack.
The gnoll bouda gazes fiercely through you!
You feel your attacks grow feeble.
The gnoll bouda is stunned by your conviction and fails to attack.
You are restored by drawing out deep reserves of power within.
You feel drained.
The gnoll hits you from afar with a +0 spear.
The gnoll bouda hits you with a +0 club!
You hit the gnoll bouda.
The gnoll bouda is moderately wounded.
The gnoll hits you from afar with a +0 spear.
The gnoll bouda hits you with a +0 club.
You hit the gnoll bouda.
The gnoll bouda is heavily wounded.
The gnoll barely misses you.
The gnoll bouda hits you with a +0 club.
* * * LOW HITPOINT WARNING * * *
The gnoll hits you from afar with a +0 spear!
* * * LOW HITPOINT WARNING * * *
As you read the scroll labelled XIBY WAAVA, it crumbles to dust.
It is a scroll of brand weapon.
Your +2 falchion projects an invisible shield of force!
a - a +2 falchion of protection (weapon)
The gnoll bouda hits you with a +0 club!
You die...

# #.# #.# # #.# #.# # #.# #.# #
#####.# #.# # #.....# #.# #
#.##### #.# # #.# #.# # #.# #.#
######### # #.# #@# #........
########.# #g# #.#######
.........# ##g## ##.#######
#######..# ##.gg######......... #
#..## ##.#.#.#......####### #
#...###.##........#.####### #
#####.##.###.###.##.#........
#####...##...............######..
...#.8.8.#.....#.###.##..# #....


You could see a gnoll bouda and 3 gnolls.

Vanquished Creatures
  A scorpion (D:3)
  2 orc priests (D:3)
  2 orc wizards (D:3)
  3 adders
  A worm (D:2)
  3 dart slugs
  4 orcs (D:3)
  4 ball pythons
  6 endoplasms
  4 giant cockroaches
  6 hobgoblins
  3 kobolds
  6 quokkas (D:1)
  4 bats
  4 frilled lizards
  4 goblins
  7 rats
64 creatures vanquished.

Vanquished Creatures (others)
  A bat (D:2)
1 creature vanquished.

Grand Total: 65 creatures vanquished

Notes
Turn   | Place    | Note
-------+----------+-------------------------------------------
     0 | D:1      | freelancePsychic the Vampire Wanderer began the quest for
                  | the Orb.
     0 | D:1      | freelancePsychic set off with the following items: a +2
                  | falchion, 8 boomerangs, a +0 dagger, a potion of
                  | lignification, a +0 robe; and the following spells
                  | available to memorise: Sublimation of Blood, Cigotuvi's
                  | Dreadful Rot.
     0 | D:1      | Reached XP level 1. HP: 13/13 MP: 2/2
    75 | D:1      | Found a faded altar of an unknown god.
    78 | D:1      | Prayed at the altar of an unknown god.
    78 | D:1      | Became a worshipper of Ru the Awakened
    93 | D:1      | Gained mutation: You cannot study or use magical devices.
                  | [Ru sacrifice]
    93 | D:1      | Reached * piety under Ru
    93 | D:1      | Reached ** piety under Ru
   258 | D:1      | Reached skill level 1 in Stealth
   330 | D:1      | Reached skill level 2 in Stealth
   330 | D:1      | Reached XP level 2. HP: 18/20 MP: 3/3
   688 | D:1      | Reached skill level 1 in Fighting
   801 | D:1      | Reached skill level 3 in Stealth
   817 | D:1      | Gained mutation: You are afflicted with vampirism and can
                  | become a bat while bloodless. [Vampire growth]
   817 | D:1      | Reached XP level 3. HP: 25/26 MP: 4/4
  1688 | D:2      | Reached skill level 4 in Stealth
  1986 | D:3      | Reached XP level 4. HP: 32/32 MP: 5/5
  2201 | D:3      | Gained mutation: You take slightly more damage. (AC -5) [Ru
                  | sacrifice]
  2201 | D:3      | Reached *** piety under Ru
  2220 | D:3      | Noticed a scorpion
  2225 | D:3      | Killed a scorpion
  2226 | D:3      | Reached skill level 5 in Stealth
  2226 | D:3      | Reached XP level 5. HP: 26/38 MP: 6/6
  2784 | D:3      | Reached skill level 6 in Stealth
  2793 | D:3      | Reached skill level 5 in Long Blades
  2793 | D:3      | Reached XP level 6. HP: 34/46 MP: 7/7
  2925 | D:3      | Mangled by a gnoll bouda

Illustrated notes

Levels and vault maps discovered:
D:1:      amcnicky_arrival_gap_in_the_tavern_cellar, layout_loops_corners,
          hellmonk_ecumenical_altar_inner_sanctum
D:2:      layout_loops_corners, kennysheep_generic_room_10
D:3:      layout_loops_ring, kennysheep_orc_chapel
D:4:      layout_cave_pods, kennysheep_generic_room_9, uniq_pikel, uniq_sigmund

Skill      XL: |  1  2  3  4  5 |
---------------+----------------+-----
Stealth        | 2 3 4 5 6 |  6.6
Fighting       | 1 2 |  2.4
Long Blades    | 4 5 |  5.0
Throwing       | |  1.5
Armour         | |  1.0
Spellcasting   | |  1.0
Necromancy     | |  2.1
Invocations    | |  1.0

Action                     |  1- 3 |  4- 6 || total
---------------------------+-------+-------++-------
  Melee: Falchion          |   101 |    58 ||   159
         Bite              |     7 |     5 ||    12
  Throw: Dart              |    13 |     3 ||    16
         Boomerang         |     4 |     6 ||    10
 Invoke: Sacrifice Artific |     1 |       ||     1
         Sacrifice Health  |       |     1 ||     1
         Draw Out Power    |       |     2 ||     2
    Use: Scroll            |       |     1 ||     1
   Stab: Sleeping          |     3 |     4 ||     7
         Invisible         |     2 |     1 ||     3
         Distracted        |     1 |       ||     1
 Armour: Robe              |    11 |       ||    11
         Leather armour    |    18 |       ||    18
  Dodge: Dodged            |    43 |    25 ||    68
  Block: Buckler           |     3 |     6 ||     9

Table legend: (Time is in decaauts)
 A = Elapsed time spent in this place.
 B = Non-inter-level travel time spent in this place.
 C = Inter-level travel time spent in this place.
 D = Time resting spent in this place.
 E = Time spent auto-exploring this place.
 F = Levels seen in this place.
 G = Mean time per level.
                   A        B        C        D        E       F      G
               +--------+--------+--------+--------+--------+-----+--------+
         Total |   2949 |   2852 |     97 |      0 |   2285 |   4 |  737.2 |
       Dungeon |   2949 |   2852 |     97 |      0 |   2285 |   4 |  737.2 |
               +--------+--------+--------+--------+--------+-----+--------+

Top non-repeatable levels by time:
     D:1: 1059 daAuts
     D:3: 974 daAuts
     D:2: 909 daAuts
     D:4: 5 daAuts
